 Dungeon Crawl Stone Soup version 0.21.1-1-g345015f (webtiles) character file.

85 zishaf the Gusty (level 4, -1/30 HPs)
             Began as a Gnoll Wanderer on May 14, 2018.
             Was an Initiate of Hepliaklqana.
             Slain by Omnyx's ghost (9 damage)
             ... on level 3 of the Dungeon.
             The game lasted 00:06:25 (2253 turns).

zishaf the Gusty (Gnoll Wanderer)                   Turns: 2253, Time: 00:06:26

Health: -1/30      AC:  2    Str: 15    XL:     4   Next: 48%
Magic:  6/8        EV: 12    Int: 19    God:    Hepliaklqana [......]
Gold:   52         SH:  0    Dex: 13    Spells: 8/9 levels left

rFire    . . .     SeeInvis .   e - +0 club
rCold    . . .     Gourm    .   (no shield)
rNeg     . . .     Faith    .   d - +0 robe
rPois    .         Spirit   .   (no helmet)
rElec    .         Reflect  .   (no cloak)
rCorr    .         Harm     .   (no gloves)
MR       .....                  (no boots)
Stlth    ++........             (no amulet)
HPRegen  0.10/turn              m - +3 ring of intelligence
MPRegen  0.11/turn              l - ring of flight

@: no status effects
A: distributed training, reduced essence, fangs 1, strong nose
a: Recall Ancestor, Ancestor Identity, Renounce Religion, Evoke Flight


You were on level 3 of the Dungeon.
You worshipped Hepliaklqana.
Hepliaklqana was noncommittal.
You were not hungry.

You visited 1 branch of the dungeon, and saw 3 of its levels.

You collected 52 gold pieces.

Inventory:

Hand Weapons
 e - a +0 club (weapon)
Armour
 d - a +0 robe (worn)
Jewellery
 g - an uncursed amulet of guardian spirit
 l - a ring of flight (right hand)
 m - a +3 ring of intelligence (left hand)
Scrolls
 h - a scroll of enchant weapon {unknown}
 i - a scroll of noise {unknown}
 j - a scroll of teleportation {unknown}
 k - a scroll of enchant armour {unknown}
 q - a scroll of amnesia {unknown}
 r - a scroll of blinking {unknown}
 s - a scroll of identify {unknown}
Potions
 n - a potion of lignification {unknown}
 o - 2 potions of mutation {unknown}
 p - a potion of haste {unknown}
Books
 b - Ewel's Tome of the Volcanoes

   Spells                             Type                      Level
   a - Flame Tongue                   Conjuration/Fire             1
   b - Inner Flame                    Hexes/Fire                   3
 c - the Incunabulum of Feathers

   Spells                             Type                      Level
   a - Shock                          Conjuration/Air              1
   b - Static Discharge               Conjuration/Air              3
Miscellaneous
 a - a phial of floods
Comestibles
 f - 3 rations
 t - 2 chunks of flesh


   Skills:
 + Level 2.7 Fighting
 + Level 1.1 Short Blades
 + Level 1.1 Long Blades
 + Level 1.1 Axes
 + Level 4.6 Maces & Flails
 + Level 1.1 Polearms
 + Level 1.1 Staves
 + Level 1.1 Slings
 + Level 1.1 Bows
 + Level 1.1 Crossbows
 + Level 1.1 Throwing
 + Level 1.1 Armour
 + Level 1.1 Dodging
 + Level 2.5 Stealth
 + Level 1.1 Shields
 + Level 1.1 Unarmed Combat
 + Level 3.0 Spellcasting
 + Level 0.9 Conjurations
 + Level 0.9 Hexes
 + Level 0.9 Charms
 + Level 0.9 Summonings
 + Level 0.9 Necromancy
 + Level 0.9 Translocations
 + Level 0.9 Transmutations
 + Level 0.9 Fire Magic
 + Level 0.9 Ice Magic
 + Level 7.1 Air Magic
 + Level 0.9 Earth Magic
 + Level 0.9 Poison Magic
 + Level 1.2 Invocations
 + Level 2.7 Evocations


You had 8 spell levels left.
You knew the following spells:

 Your Spells              Type           Power        Failure   Level  Hunger
a - Shock                 Conj/Air       ###.         3%          1    None


Dungeon Overview and Level Annotations

Branches:
Dungeon (3/15)

Altars:
Elyvilon
Hepliaklqana
Vehumet
The Shining One

Annotations:
D:3 Omnyx's ghost, amateur KoWn


Innate Abilities, Weirdness & Mutations

Your experience applies equally to all skills.
You have very sharp teeth.
Your uncanny sense of smell can sniff out nearby items.
Your life essence is reduced to manifest your ancestor. (-10% HP)


Message History

The hobgoblin misses you.
Casting: Shock
Confirm with . or Enter, or press ? or * to list all spells.
Aiming: Shock
Press: ? - help, Shift-Dir - straight line, f - hobgoblin
Aim: a hobgoblin The zap hits the hobgoblin.
You kill the hobgoblin!
The zap hits Omnyx's ghost.
Omnyx's ghost appears unharmed.
Omnyx's ghost is lightly damaged.
The jackal completely misses Nindada.
Nindada hits the jackal.
The jackal dies!
Some of the chunks of flesh in your inventory have rotted away.
Omnyx's ghost shouts, "They lied to you.
The Dungeon just goes down and down forever."
Omnyx's ghost hits you.
You are electrocuted!
Nindada closely misses Omnyx's ghost.
Omnyx's ghost hits you.
* * * LOW HITPOINT WARNING * * *
You are electrocuted!
You die...

#### #.# #...
#.#
..##...##.#####
..............#
#..$.......#
#.......#
#†......#
#.W.....#
#R.@....#
#.<...?.#
#.#.#####
..†....
###.#.....
#.#####.# #.# #
#.# #.


You could see the friendly Nindada the ancestor and Omnyx's ghost.

Vanquished Creatures
  3 adders (D:2)
  A dart slug (D:1)
  2 leopard geckos (D:1)
  5 bats
  A giant cockroach (D:2)
  4 goblins
  4 hobgoblins
  4 jackals
  5 kobolds
  A quokka (D:2)
  3 frilled lizards (D:1)
  8 rats
41 creatures vanquished.

Vanquished Creatures (collateral kills)
  An adder (D:2)
  2 bats (D:2)
  A giant cockroach (D:2)
  A jackal (D:3)
  A frilled lizard (D:2)
6 creatures vanquished.

Grand Total: 47 creatures vanquished

Notes
Turn   | Place    | Note
-------+----------+-------------------------------------------
     0 | D:1      | zishaf the Gnoll Wanderer began the quest for the Orb.
     0 | D:1      | zishaf set off with: a phial of floods, Ewel's Tome of the Volcanoes, the Incunabulum of Feathers, a +0 robe, a +0 club, a ration
     0 | D:1      | Reached XP level 1. HP: 17/17 MP: 4/4
     0 | D:1      | Identified Ewel's Tome of the Volcanoes
     0 | D:1      | Identified the Incunabulum of Feathers
     2 | D:1      | Learned a level 1 spell: Shock
   346 | D:1      | Reached XP level 2. HP: 23/23 MP: 5/5
  1116 | D:1      | Reached XP level 3. HP: 26/28 MP: 7/7
  1318 | D:2      | Reached skill level 1 in Invocations
  1759 | D:2      | Reached skill level 1 in Short Blades
  1759 | D:2      | Reached skill level 1 in Long Blades
  1759 | D:2      | Reached skill level 1 in Axes
  1759 | D:2      | Reached skill level 1 in Polearms
  1759 | D:2      | Reached skill level 1 in Staves
  1759 | D:2      | Reached skill level 1 in Slings
  1759 | D:2      | Reached skill level 1 in Bows
  1759 | D:2      | Reached skill level 1 in Crossbows
  1759 | D:2      | Reached skill level 1 in Throwing
  1759 | D:2      | Reached skill level 1 in Armour
  1759 | D:2      | Reached skill level 1 in Dodging
  1759 | D:2      | Reached skill level 1 in Shields
  1759 | D:2      | Reached skill level 1 in Unarmed Combat
  1835 | D:2      | Reached XP level 4. HP: 34/34 MP: 5/8
  1888 | D:2      | Found a glowing golden altar of the Shining One.
  1888 | D:2      | Found a hazy altar of Hepliaklqana.
  1889 | D:2      | Found a white marble altar of Elyvilon.
  1897 | D:2      | Became a worshipper of Hepliaklqana the Forgotten
  2149 | D:2      | Found a radiant altar of Vehumet.
  2246 | D:3      | Noticed Omnyx's ghost (amateur KoWn)
  2253 | D:3      | Slain by Omnyx's ghost

Skill      XL: |  1  2  3  4 |
---------------+-------------+-----
Invocations    | 1 |  1.2
Short Blades   | 1 |  1.1
Long Blades    | 1 |  1.1
Axes           | 1 |  1.1
Polearms       | 1 |  1.1
Staves         | 1 |  1.1
Slings         | 1 |  1.1
Bows           | 1 |  1.1
Crossbows      | 1 |  1.1
Throwing       | 1 |  1.1
Armour         | 1 |  1.1
Dodging        | 1 |  1.1
Shields        | 1 |  1.1
Unarmed Combat | 1 |  1.1
Spellcasting   | 3 |  3.0
Fighting       | |  2.7
Maces & Flails | |  4.6
Stealth        | |  2.5
Conjurations   | |  0.9
Hexes          | |  0.9
Charms         | |  0.9
Summonings     | |  0.9
Necromancy     | |  0.9
Translocations | |  0.9
Transmutations | |  0.9
Fire Magic     | |  0.9
Ice Magic      | |  0.9
Air Magic      | |  7.1
Earth Magic    | |  0.9
Poison Magic   | |  0.9
Evocations     | |  2.7

Action                   |  1- 3 |  4- 6 || total
-------------------------+-------+-------++-------
Melee: Club              |    83 |    16 ||    99
       Bite              |     5 |     1 ||     6
 Cast: Shock             |    20 |     4 ||    24
 Stab: Sleeping          |     6 |     2 ||     8
  Eat: Chunk             |     3 |     1 ||     4
Armor: Robe              |    17 |     5 ||    22
Dodge: Dodged            |    54 |    27 ||    81
